[Event "*** Titled Tuesday Blitz"]
[Site "Chess.com"]
[Date "2019.09.03"]
[Round "3"]
[White "Semajkcalbk"]
[Black "IMTominho"]
[Result "0-1"]
[WhiteElo "2437"]
[BlackElo "2701"]
[TimeControl "180+2"]
[EndTime "15:36:00 PDT"]
[Termination "IMTominho won by resignation"]

1. d4 d5 2. c4 c6 3. Nc3 Nf6 4. e3 g6 5. Bd3 Bg7 6. Nge2 a6 7. b3 b5 8. Qc2 O-O 9. O-O Nbd7 10. f4 bxc4 11.
bxc4 dxc4 12. Bxc4 c5 13. Bb2 Bb7 14. Rad1 cxd4 15.
Nxd4 Rc8 16. Qe2 Qb6 17. Nb3 e6 18. Ba3 Rfd8 19. Rd6 Qc7 20. Nd2 Bf8 0-1

[Event "*** Titled Tuesday Blitz"]
[Site "Chess.com"]
[Date "2019.09.03"]
[Round "3"]
[White "NormWeinstein"]
[Black "leschebaza"]
[Result "1-0"]
[WhiteElo "2383"]
[BlackElo "2119"]
[TimeControl "180+2"]
[EndTime "15:36:00 PDT"]
[Termination "NormWeinstein won by resignation"]

1. e4 c6 2. d4 d5 3. exd5 cxd5 4.
c4 Nf6 5. Nc3 g6 6. cxd5 Bg7 7.
Bc4 O-O 8. Nge2 Nbd7 9. Nf4 Nb6 10. Bb3 a5 11. a3 g5 12. Nh5 Nxh5 13. Qxh5 h6 14.
h4 g4 15. Bxh6 Bxd4 16. O-O Qd6 17. Bxf8 Kxf8 18. Nb5 Qf6 19. Nxd4 Qxd4 20. d6 e6 21. Rfd1 Qg7 22. Rac1 Bd7 23. Rc7 Ra7 24. Qc5 1-0

[Event "*** Titled Tuesday Blitz"]
[Site "Chess.com"]
[Date "2019.09.03"]
[Round "3"]
[White "LastHeroJr"]
[Black "DishonorOnYourCow"]
[Result "1-0"]
[WhiteElo "2530"]
[BlackElo "2211"]
[TimeControl "180+2"]
[EndTime "15:36:01 PDT"]
[Termination "LastHeroJr won by resignation"]

1. e4 e5 2. Nf3 Nc6 3. Bc4 Bc5 4. b4 Bxb4 5. c3 Ba5 6. d4 d6 7. Qb3 Qd7 8. dxe5 Bb6 9. Nbd2 Na5 10. Qc2 Nxc4 11.
Nxc4 Ne7 12. exd6 cxd6 13. Ba3 Bc7 14. Rd1 O-O 15. Nxd6 Bxd6 16. Bxd6 Re8 17. O-O Qe6 18. Bg3 Nc6 19. Rfe1 Qg6 20. Nd4 Bg4 21. f3 Bc8 22. Nb5 Rd8 23. Rxd8+ Nxd8 24. Nc7 Rb8 25. Nd5 1-0

[Event "*** Titled Tuesday Blitz"]
[Site "Chess.com"]
[Date "2019.09.03"]
[Round "3"]
[White "ckgchess"]
[Black "nOcHeaTiNgKiD"]
[Result "1-0"]
[WhiteElo "2738"]
[BlackElo "2461"]
[TimeControl "180+2"]
[EndTime "15:36:04 PDT"]
[Termination "ckgchess won by resignation"]

1. e4 e5 2. Nc3 Nf6 3. g3 d5 4. exd5 Nxd5 5. Bg2 Nxc3 6. bxc3 Nc6 7. Nf3 Bc5 8. O-O O-O 9. Re1 Re8 10. d4 exd4 11.
Rxe8+ Qxe8 12. cxd4 Bb6 13. c3 Bg4 14. h3 Bh5 15. Bf4 Rd8 16. Qb3 Na5 17. Qc2 Bg6 18.
Qd1 Be4 19. Qf1 Qa4 20. Re1 Bd5 21. Qe2 f6 22. Nh4 Qxa2 23. Qg4 Bf7 24. Nf5 Bg6 25.
Ne7+ Kf7 26. Bd5+ 1-0

[Event "*** Titled Tuesday Blitz"]
[Site "Chess.com"]
[Date "2019.09.03"]
[Round "3"]
[White "Gentlejimmy7"]
[Black "Hikaru"]
[Result "0-1"]
[WhiteElo "2516"]
[BlackElo "3231"]
[TimeControl "180+2"]
[EndTime "15:36:09 PDT"]
[Termination "Hikaru won by resignation"]

1. d4 d5 2. Nf3 e6 3. g3 Bd6 4.
Bg2 f5 5. b3 c6 6. O-O Nf6 7.
Ba3 Bc7 8. Nbd2 Nbd7 9. c4 h6 10. Ne1 Kf7 11. Nd3 Re8 12. Nf3 Kg8 13. Nfe5 Nxe5 14.
Nxe5 Nd7 15. f4 a5 16. Qc2 Nxe5 17. fxe5 a4 18. e3 Bd7 19. Rfc1 Qg5 20. Qf2 Bd8 21. Bd6 Be7 22. c5 Bd8 23. b4 a3 24. Rab1 Qh5 25.
Bf3 Qf7 26. Rb3 b5 27. Qe2 g6 28. Qd3 h5 29. Rxa3 Bg5 30. Rxa8 Rxa8 31. a3 Bh6 32. Rc3 g5 33. Bg2 h4 34. Qe2 g4 35. Qf2 hxg3 36.
hxg3 Kg7 37. Bf1 Bg5 38. Qg2 Rh8 39. Rc2 Bxe3+ 40. Rf2 f4 41. gxf4 Qxf4 42. Be7 Bxf2+ 43. Qxf2 Rh1+ 44. Kxh1 Qxf2 45. Bf6+ Kf7 0-1

[Event "*** Titled Tuesday Blitz"]
[Site "Chess.com"]
[Date "2019.09.03"]
[Round "3"]
[White "Ali_rastbod"]
[Black "iturrizaga"]
[Result "0-1"]
[WhiteElo "2708"]
[BlackElo "2942"]
[TimeControl "180+2"]
[EndTime "15:36:20 PDT"]
[Termination "iturrizaga won by resignation"]

1. c4 Nf6 2. Nf3 b6 3. g3 Bb7 4. Bg2 g6 5. O-O Bg7 6. d4 O-O 7. d5 b5 8. cxb5 Bxd5 9. Nc3 Bb7 10. Re1 a6 11. bxa6 Nxa6 12. e4 e6 13. Bf4 Nc5 14.
Qc2 d6 15. Rad1 Qb8 16. b4 Ncd7 17. a4 Ng4 18. Nb5 Rc8 19. Rc1 e5 20. Bd2 c6 21.
Nc3 d5 22. Rb1 Qa7 23. Bc1 d4 24. Nd1 Qxa4 25. Qxa4 Rxa4 26. h3 Ngf6 27. Bd2 Ra2 28. Bf1 c5 29. bxc5 Bxe4 30. Rb3 Bxf3 0-1

[Event "*** Titled Tuesday Blitz"]
[Site "Chess.com"]
[Date "2019.09.03"]
[Round "3"]
[White "harvsp123"]
[Black "INLOVEWITHF"]
[Result "0-1"]
[WhiteElo "2538"]
[BlackElo "2288"]
[TimeControl "180+2"]
[EndTime "15:36:20 PDT"]
[Termination "INLOVEWITHF won by checkmate"]

1. d4 Nf6 2. c4 g6 3. Nc3 Bg7 4.
e4 d6 5. Be2 O-O 6. Be3 Nc6 7. d5 Ne5 8. f4 Neg4 9. Bd2 Nh6 10. Nf3 e6 11. dxe6 fxe6 12. O-O Nh5 13. g3 e5 14. fxe5 Bh3 15. Rf2 Ng4 16. Bg5 Nxf2 17. Qd5+ Kh8 18. Bxd8 Raxd8 19. Kxf2 dxe5 20. Qxb7 Nf6 21. Qxc7 Ng4+ 22. Kg1 Bh6 23. Ng5 Bxg5 24. Bxg4 Be3+ 25.
Kh1 Bxg4 26. Qxe5+ Kg8 27. h3 Bf3+ 28. Kh2 Rd2+ 29.
Ne2 Rxe2# 0-1

[Event "*** Titled Tuesday Blitz"]
[Site "Chess.com"]
[Date "2019.09.03"]
[Round "3"]
[White "VladimirBelous"]
[Black "Duhless"]
[Result "0-1"]
[WhiteElo "2724"]
[BlackElo "2987"]
[TimeControl "180+2"]
[EndTime "15:36:24 PDT"]
[Termination "Duhless won by resignation"]

1. c4 g6 2. Nf3 Bg7 3. g3 b6 4.
Bg2 Bb7 5. O-O c5 6. Nc3 Nf6 7. d4 cxd4 8. Nxd4 Bxg2 9. Kxg2 Qc8 10. Qd3 O-O 11. Bg5 Nc6 12. Nxc6 dxc6 13. Rad1 h6 14.
Bf4 Re8 15. Be5 Qe6 16. f4 Ng4 17. Bxg7 Ne3+ 18. Kg1 Kxg7 19. f5 gxf5 20. Qd4+ Kh7 21. Qf4 Nxd1 22. Rxd1 Rad8 23. Rf1 Qf6 24. e4 e5 25. Qe3 f4 26. gxf4 Rg8+ 27. Kh1 Qg6 28. Qf2 exf4 29. Qf3 Rd2 30. Ne2 Rd3 31. Qf2 Qxe4+ 0-1

[Event "*** Titled Tuesday Blitz"]
[Site "Chess.com"]
[Date "2019.09.03"]
[Round "3"]
[White "Bishops83"]
[Black "chegueps"]
[Result "0-1"]
[WhiteElo "2218"]
[BlackElo "2539"]
[TimeControl "180+2"]
[EndTime "15:36:26 PDT"]
[Termination "chegueps won by resignation"]

1. e4 c5 2. Nc3 a6 3. g3 b5 4. Bg2 Bb7 5. d3 e6 6. Nh3 d6 7. O-O Be7 8. f4 Qc8 9. Qe2 Nd7 10. f5 exf5 11. Rxf5 Ngf6 12. Bg5 Ne5 13. Nf4 Nc6 14. Bxf6 Bxf6 15. Rxf6 gxf6 16. Ncd5 Ne5 17. Nxf6+ Kd8 18. Bh3 Qb8 19. N4d5 h5 20. c3 Bc8 21.
Bg2 Qa7 22. Qe3 Be6 23. d4 cxd4 24. cxd4 Ng4 25. Qd2 Nxf6 26. Nxf6 Rc8 27. e5 dxe5 0-1

[Event "*** Titled Tuesday Blitz"]
[Site "Chess.com"]
[Date "2019.09.03"]
[Round "3"]
[White "Denis_Palkovich"]
[Black "albi1999"]
[Result "0-1"]
[WhiteElo "2217"]
[BlackElo "2477"]
[TimeControl "180+2"]
[EndTime "15:36:26 PDT"]
[Termination "albi1999 won on time"]

1. d4 Nf6 2. Bf4 e6 3. e3 c5 4. Nd2 Nc6 5. c3 b6 6. Nc4 d5 7. Ne5 Nxe5 8. dxe5 Nd7 9. Nf3 Be7 10. Bd3 Bb7 11.
h4 h6 12. h5 Qc7 13. Qa4 a6 14. Rh3 b5 15. Qd1 O-O-O 16. Rg3 Bf8 17. a4 Qb6 18.
axb5 axb5 19. Nd2 b4 20. cxb4 c4 21. Be2 Bxb4 22. Rxg7 Nc5 23. Kf1 Bxd2 24. Qxd2 Nb3 25. Qd1 Nxa1 26. Qxa1 Rd7 27. Qa3 Kc7 28. Kg1 Ra8 29.
Qc3 Qb3 30. Qxb3 cxb3 31. Bxh6 Ra2 32. Bb5 Bc6 33. Bxc6 Kxc6 0-1

[Event "*** Titled Tuesday Blitz"]
[Site "Chess.com"]
[Date "2019.09.03"]
[Round "3"]
[White "olksuna"]
[Black "2165149677570"]
[Result "1-0"]
[WhiteElo "2564"]
[BlackElo "2313"]
[TimeControl "180+2"]
[EndTime "15:36:27 PDT"]
[Termination "olksuna won by resignation"]

1. e4 c5 2. Nf3 Nc6 3. d4 cxd4 4. Nxd4 Nf6 5. Nc3 e6 6. Ndb5 d6 7. Bf4 e5 8. Bg5 a6 9. Na3 b5 10. Nd5 Be7 11. Bxf6 Bxf6 12. c4 b4 13. Nc2 O-O 14. h4 a5 15. g3 Be6 16. Bg2 Rc8 17. O-O g6 18. b3 Bg7 19. a3 Nd4 20. Nxd4 exd4 21.
axb4 Bxd5 22. exd5 axb4 23. Ra6 Ra8 24. Rc6 Ra3 25.
Re1 Qf6 26. c5 Rd8 27. cxd6 Ra2 28. Re2 Rxe2 29. Qxe2 Rxd6 30. Qe8+ Bf8 31. Rc8 Qg7 32. Rc6 Qf6 33. Rc8 Qg7 34. Qe7 Ra6 35. d6 d3 36.
d7 d2 37. Rxf8+ Qxf8 38. Qxf8+ Kxf8 39. d8=Q+ 1-0

[Event "*** Titled Tuesday Blitz"]
[Site "Chess.com"]
[Date "2019.09.03"]
[Round "3"]
[White "MalyDominator"]
[Black "gemarin"]
[Result "0-1"]
[WhiteElo "2321"]
[BlackElo "2093"]
[TimeControl "180+2"]
[EndTime "15:36:32 PDT"]
[Termination "gemarin won by resignation"]

1. e4 c5 2. Nf3 d6 3. d4 cxd4 4. Nxd4 Nf6 5. Nc3 a6 6. Be3 e6 7. Be2 Be7 8. O-O O-O 9. f4 Qc7 10. a4 b6 11. Bf3 Bb7 12. g4 Nc6 13. g5 Nd7 14. Qe1 Nxd4 15. Bxd4 e5 16. Be3 exf4 17. Bxf4 Ne5 18. Bg2 Rfe8 19. Qg3 Bf8 20. h4 Qc5+ 21. Be3 Qb4 22. Rab1 Nc4 23. Bd4 Nd2 24. Qf2 Nxf1 25. Rxf1 Re7 26. h5 d5 27. exd5 Rc7 28. Ne4 Rxc2 29. Qxf7+ Kh8 30. Bc3 Rxg2+ 31. Kxg2 Qxe4+ 32.
Kh3 Bxd5 33. Qxf8+ Rxf8 34. Rxf8+ Bg8 0-1

[Event "*** Titled Tuesday Blitz"]
[Site "Chess.com"]
[Date "2019.09.03"]
[Round "3"]
[White "juniortay"]
[Black "Arystanner"]
[Result "1-0"]
[WhiteElo "2468"]
[BlackElo "2676"]
[TimeControl "180+2"]
[EndTime "15:36:34 PDT"]
[Termination "juniortay won by resignation"]

1. e4 e6 2. Nf3 d5 3. Nc3 dxe4 4. Nxe4 Nd7 5. d4 Ngf6 6. Bd3 c5 7. Qe2 cxd4 8. Bg5 Be7 9. O-O-O Nxe4 10. Bxe7 Qxe7 11.
Qxe4 Nc5 12. Qxd4 Nxd3+ 13. Rxd3 O-O 14. Rhd1 f6 15. Qd6 Qxd6 16. Rxd6 e5 17. c4 Bg4 18. b3 b6 19. Kb2 Rae8 20. h3 Bxf3 21. gxf3 e4 22. fxe4 Rxe4 23. R1d2 h5 24. Rd7 Rf7 25. Rxf7 Kxf7 26. Rd7+ Re7 27. Rxe7+ Kxe7 28. Kc3 g5 29. Kd4 Kd6 30. b4 Kc6 31. Ke4 Kd6 32. Kf5 Kd7 33.
Kxf6 g4 34. h4 Kd6 35. Kf5 a5 36. a3 a4 37. Ke4 Ke6 38. c5 bxc5 39. bxc5 Kf6 40.
Kd5 1-0

[Event "*** Titled Tuesday Blitz"]
[Site "Chess.com"]
[Date "2019.09.03"]
[Round "3"]
[White "KL31"]
[Black "LiamVrolijk"]
[Result "1-0"]
[WhiteElo "2524"]
[BlackElo "2745"]
[TimeControl "180+2"]
[EndTime "15:36:37 PDT"]
[Termination "KL31 won by resignation"]

1. d4 Nf6 2. Nf3 g6 3. c4 Bg7 4. Nc3 d5 5. Qb3 dxc4 6. Qxc4 Be6 7. Qd3 c5 8. e4 cxd4 9. Nxd4 Bd7 10. Be2 O-O 11.
O-O Nc6 12. Be3 Ne5 13. Qd2 Neg4 14. Bg5 h6 15. Bh4 Rc8 16. Rad1 Qa5 17. h3 Ne5 18. f4 Nc4 19. Bxc4 Rxc4 20. e5 Nd5 21. Nb3 Qb6+ 22. Bf2 Qa6 23. Nxd5 Bf5 24. Nxe7+ Kh7 25. Nxf5 gxf5 26.
Qd3 Rxf4 27. Qxa6 bxa6 28. Bd4 Re4 29. Rxf5 a5 30. Bc3 a4 31. Nc5 Rc4 32. Nd7 Re8 33. Rxf7 Kg6 34. Rdf1 a3 35. Nf8+ Rxf8 36. Rxf8 axb2 37.
Bxb2 Rc2 38. R8f2 1-0

[Event "*** Titled Tuesday Blitz"]
[Site "Chess.com"]
[Date "2019.09.03"]
[Round "3"]
[White "albano87"]
[Black "TheFireChess"]
[Result "1-0"]
[WhiteElo "2062"]
[BlackElo "2503"]
[TimeControl "180+2"]
[EndTime "15:36:38 PDT"]
[Termination "albano87 won by resignation"]

1. d4 f5 2. Qd3 d5 3. g4 e6 4. Nf3 Nf6 5. Ne5 Bd6 6. gxf5 exf5 7. Bf4 O-O 8. Nc3 c6 9. O-O-O Ne4 10. Nxe4 fxe4 11.
Qg3 Qf6 12. e3 Bf5 13. Rg1 Na6 14. Nd7 Bxd7 15. Bxd6 Rf7 16. Be5 Qe7 17. Be2 Bf5 18. h4 Nc7 19. Rg2 Ne6 20. Rdg1 Rc8 21. Bh5 g6 22. Be2 c5 23. c3 cxd4 24. exd4 a6 25. h5 Rc6 26. hxg6 Bxg6 27. Rh2 Nf8 28. Rh6 b5 29. a3 b4 30. axb4 Qxb4 31. Bh5 Qb3 32. Bxg6 Rxg6 33. Rxg6+ Nxg6 34. Qh3 Qb7 35. Rxg6+ 1-0

[Event "*** Titled Tuesday Blitz"]
[Site "Chess.com"]
[Date "2019.09.03"]
[Round "3"]
[White "xberli"]
[Black "tteshan"]
[Result "1-0"]
[WhiteElo "2467"]
[BlackElo "2180"]
[TimeControl "180+2"]
[EndTime "15:36:44 PDT"]
[Termination "xberli won by checkmate"]

1. e4 g6 2. d4 Bg7 3. Nc3 a6 4. Be3 d6 5. Nf3 b5 6. Qd2 Bb7 7. Bd3 Nd7 8. h4 h5 9. Bg5 c5 10. dxc5 Nxc5 11. O-O-O b4 12. Nd5 a5 13. Bb5+ Kf8 14. e5 dxe5 15. Qe3 Ne6 16. Nxe5 Nxg5 17. Nd7+ Ke8 18. hxg5 e6 19. Qc5 Ne7 20. N5f6+ Bxf6 21. Nxf6+ Kf8 22. Rxd8+ Rxd8 23. Nd7+ Rxd7 24. Bxd7 Bxg2 25.
Rd1 h4 26. Bxe6 fxe6 27. Rd8+ Kf7 28. Rxh8 h3 29. Rh7+ Kg8 30. Qxe7 h2 31. Qg7# 1-0

[Event "*** Titled Tuesday Blitz"]
[Site "Chess.com"]
[Date "2019.09.03"]
[Round "3"]
[White "babero_gordo"]
[Black "Valuebet2000"]
[Result "0-1"]
[WhiteElo "2184"]
[BlackElo "2472"]
[TimeControl "180+2"]
[EndTime "15:36:45 PDT"]
[Termination "Valuebet2000 won by resignation"]

1. e4 c6 2. d4 d5 3. e5 Bf5 4.
h4 h5 5. Bd3 Bxd3 6. Qxd3 e6 7.
Nf3 Nh6 8. Bg5 Be7 9. Nbd2 Nf5 10.
c4 Na6 11. a3 Nc7 12. Rd1 dxc4 13. Nxc4 Nd5 14. Bxe7 Qxe7 15. Ng5 Rd8 16. Ne4 O-O 17.
Ncd6 Nxd6 18. exd6 Qd7 19. Ng5 f5 20. Qe2 Rde8 21.
Qxh5 Nf6 22. Qg6 Qxd6 23. h5 e5 24. h6 exd4+ 25. Kf1 Re7 26. Rd3 Qe5 27. Nf3 Qe2+ 28. Kg1 Qxd3 29. hxg7 Rxg7 30. Rh8+ Kxh8 31. Qh6+ Kg8 32.
Ne5 Qd1+ 33. Kh2 Qh5+ 34. Qxh5 Nxh5 35. Nf3 d3 0-1

[Event "*** Titled Tuesday Blitz"]
[Site "Chess.com"]
[Date "2019.09.03"]
[Round "3"]
[White "aa175"]
[Black "JAN2404"]
[Result "1-0"]
[WhiteElo "2273"]
[BlackElo "1675"]
[TimeControl "180+2"]
[EndTime "15:36:48 PDT"]
[Termination "aa175 won by checkmate"]

1. d4 c5 2. d5 d6 3. e4 Nf6 4. Nc3 g6 5. f4 Bg7 6. Nf3 O-O 7. Be2 a6 8. a4 e6 9. dxe6 Bxe6 10. O-O Nc6 11.
Ng5 Kh8 12. f5 Bc8 13. fxg6 fxg6 14. Bf4 Nd4 15. Bc4 Qe7 16. Qe1 Nxc2 17. Qh4 Nxa1 18.
Nxh7 Ng8 19. Nf6+ Nh6 20. Bxh6 Bxf6 21. Rxf6 Qxf6 22. Bg5+ Kg7 23. Qh6# 1-0

[Event "*** Titled Tuesday Blitz"]
[Site "Chess.com"]
[Date "2019.09.03"]
[Round "3"]
[White "jefferyx"]
[Black "Morscas"]
[Result "1-0"]
[WhiteElo "2948"]
[BlackElo "2256"]
[TimeControl "180+2"]
[EndTime "15:36:53 PDT"]
[Termination "jefferyx won by resignation"]

1. d4 g6 2. e4 Bg7 3. Nf3 d6 4. Bd3 Nf6 5. O-O O-O 6. Re1 Nc6 7. c3 e5 8. h3 h6 9. Na3 Bd7 10.
Nc2 Qe7 11. b4 Nh5 12. b5 Nd8 13. dxe5 dxe5 14. Ba3 Qf6 15. Ne3 Nf4 16. Bc4 Be6 17. Bxf8 Bxf8 18. Bxe6 Ndxe6 19. Ng4 Qg7 20. Ngxe5 Bd6 21.
Nc4 Bc5 22. e5 g5 23. Nfd2 Rd8 24. Qg4 h5 25. Qf5 g4 26. hxg4 hxg4 27. g3 Nh3+ 28. Kg2 Nxf2 29. Ne4 Nxe4 30. Rxe4 Kf8 31. Rh1 Ke8 32.
Rxg4 Qf8 33. Qh7 Kd7 34. Rf1 Kc8 35. Qxf7 Qh6 36. Rh4 Rd2+ 37. Kh1 1-0

[Event "*** Titled Tuesday Blitz"]
[Site "Chess.com"]
[Date "2019.09.03"]
[Round "3"]
[White "goofypenguin96"]
[Black "NicoChasin"]
[Result "0-1"]
[WhiteElo "2233"]
[BlackElo "2494"]
[TimeControl "180+2"]
[EndTime "15:36:53 PDT"]
[Termination "NicoChasin won by resignation"]

1. e4 c5 2. Nf3 e6 3. d4 cxd4 4. Nxd4 Nc6 5. Nc3 Qc7 6. Be3 a6 7. Qf3 Bd6 8. O-O-O Be5 9. Nxc6 bxc6 10. Bd4 Nf6 11.
Bxe5 Qxe5 12. Qg3 Qxg3 13. hxg3 d5 14. e5 Ng4 15. Rh4 Nxe5 16. Na4 Nd7 17. Bd3 h6 18. Rb4 Kd8 19. c4 a5 20. Rb3 Ba6 21. Nb6 Rb8 22. Nxd7 Rxb3 23. axb3 Kxd7 24. cxd5 Bxd3 25. dxe6+ Kxe6 26. Rxd3 Rb8 27. Kc2 Rb5 28. Re3+ Kd6 29. Kc3 h5 30. Re4 Rf5 31. Re2 Kc5 32. Rd2 Kb5 33. Re2 Rc5+ 34. Kd2 Kb4 35. Re3 Rf5 36. Ke2 c5 37.
Rc3 g6 38. Kd2 Rxf2+ 39. Ke3 Rxg2 40. Ke4 Rxb2 41. Rf3 f5+ 42. Ke5 Rxb3 0-1

[Event "*** Titled Tuesday Blitz"]
[Site "Chess.com"]
[Date "2019.09.03"]
[Round "3"]
[White "Last7Samurai"]
[Black "bugsbunny444"]
[Result "1-0"]
[WhiteElo "2781"]
[BlackElo "2553"]
[TimeControl "180+2"]
[EndTime "15:36:54 PDT"]
[Termination "Last7Samurai won on time"]

1. d4 e6 2. e4 d5 3. Nd2 Nf6 4. e5 Nfd7 5. Bd3 c5 6. c3 Nc6 7. Ne2 cxd4 8. cxd4 f6 9. exf6 Nxf6 10. Nf3 Bd6 11. O-O O-O 12. Bf4 Bxf4 13. Nxf4 Qd6 14. Qc1 Bd7 15. Ne2 Rac8 16. Qd2 Ng4 17. Ng3 Rxf3 18.
gxf3 Nxd4 19. Bxh7+ Kxh7 20. Qxd4 Nf6 21. Rad1 e5 22.
Qd3+ g6 23. Ne4 Qe7 24. Nxf6+ Qxf6 25. Rfe1 Bc6 26. f4 exf4 27. Qh3+ Kg7 28. Qxc8 Qg5+ 29.
Kf1 Bb5+ 30. Re2 Qe7 31. Qc3+ Kh6 32. Qf3 1-0

[Event "*** Titled Tuesday Blitz"]
[Site "Chess.com"]
[Date "2019.09.03"]
[Round "3"]
[White "ferdipy"]
[Black "Mikhail_Golubev"]
[Result "0-1"]
[WhiteElo "2153"]
[BlackElo "2405"]
[TimeControl "180+2"]
[EndTime "15:36:56 PDT"]
[Termination "Mikhail_Golubev won by resignation"]

1. d4 Nf6 2. c4 g6 3. Nc3 Bg7 4. e4 d6 5. Be2 O-O 6. Be3 Nc6 7.
d5 Ne5 8. h3 c6 9. f4 Ned7 10.
Nf3 Nc5 11. Nd2 cxd5 12. cxd5 e6 13. dxe6 Bxe6 14. O-O Re8 15. Bf3 Rc8 16. Rc1 Nd3 17. Rc2 Nxb2 18. Rxb2 Rxc3 19. Bxa7 Qa5 20. Bb6 Qa3 21. Qb1 Nd7 22. Bf2 Rxf3 23. Nxf3 Bxb2 24. f5 Bxa2 25. Qd1 Ne5 26. Nxe5 Bxe5 27. Bh4 Qe3+ 28.
Kh1 Qxe4 29. Bg5 Bd5 30. Rf2 Bd4 31. Rd2 Qe1+ 32. Kh2 Be5+ 0-1

[Event "*** Titled Tuesday Blitz"]
[Site "Chess.com"]
[Date "2019.09.03"]
[Round "3"]
[White "Komissarov_alex"]
[Black "filali-marouan"]
[Result "0-1"]
[WhiteElo "2102"]
[BlackElo "2348"]
[TimeControl "180+2"]
[EndTime "15:36:57 PDT"]
[Termination "filali-marouan won by resignation"]

1. d4 c6 2. e4 d5 3. Nd2 dxe4 4. Nxe4 Nf6 5. Nxf6+ exf6 6. Bc4 Be7 7. Be3 O-O 8. Ne2 Bf5 9. Nf4 Na6 10. c3 Nc7 11.
Qh5 Qd7 12. h3 Nd5 13. Nxd5 cxd5 14. Be2 Rfe8 15. Bg4 Bxg4 16. hxg4 h6 17. O-O-O Bf8 18. Qf5 Re6 19. Rh3 Qa4 20. Qxd5 Ra6 21. a3 Rc8 22. Bd2 Ra5 23. Qxb7 Rc6 24. Qb6 Rxb6 0-1

[Event "*** Titled Tuesday Blitz"]
[Site "Chess.com"]
[Date "2019.09.03"]
[Round "3"]
[White "LADIESGET2KNOWME"]
[Black "TenisMaster"]
[Result "0-1"]
[WhiteElo "2464"]
[BlackElo "2782"]
[TimeControl "180+2"]
[EndTime "15:36:59 PDT"]
[Termination "TenisMaster won by checkmate"]

1. d4 Nf6 2. c4 g6 3. Nc3 Bg7 4. e4 d6 5. f4 O-O 6. Nf3 Bg4 7. Be2 Nfd7 8. O-O e5 9. fxe5 dxe5 10. d5 a5 11. Bg5 Qe8 12. Be3 Na6 13. Ne1 Bxe2 14.
Qxe2 Qe7 15. Nd3 Kh8 16. Rad1 f5 17. b3 f4 18. Bf2 g5 19. Nb5 c6 20. d6 Qe6 21. Nc7 Nxc7 22. dxc7 Rfc8 23. Qh5 h6 24. Nc5 Nxc5 25. Bxc5 Rxc7 26. Rd6 Qf7 27. Qg4 a4 28. Rfd1 axb3 29. axb3 b5 30. Rd7 Rxd7 31.
Rxd7 Qg8 32. h4 gxh4 33. Bd6 Bf6 34. Qf5 Ra1+ 35. Kf2 Qg3+ 36. Ke2 Qe3# 0-1

[Event "*** Titled Tuesday Blitz"]
[Site "Chess.com"]
[Date "2019.09.03"]
[Round "3"]
[White "Fighterman91"]
[Black "Firouzja2003"]
[Result "0-1"]
[WhiteElo "2735"]
[BlackElo "3052"]
[TimeControl "180+2"]
[EndTime "15:37:01 PDT"]
[Termination "Firouzja2003 won by resignation"]

1. e4 e5 2. Nf3 Nc6 3. d4 exd4 4. Nxd4 Nf6 5. Nxc6 bxc6 6. e5 Qe7 7. Qe2 Nd5 8.
c4 Nb6 9. g3 Ba6 10. b3 O-O-O 11. Bg2 f6 12. O-O Qxe5 13. Qxe5 fxe5 14. a4 d5 15. Bg5 Re8 16. a5 Nd7 17. cxd5 Bxf1 18.
Bxf1 Bc5 19. dxc6 Nf6 20. Nd2 e4 21. Re1 Rhf8 22. Bh3+ Kb8 23. Bd7 Nxd7 24. cxd7 Bxf2+ 25. Kf1 Bxe1+ 26. Kxe1 Rd8 27. Be7 Rg8 28. Nc4 Rxd7 29. Bc5 Rd5 30. b4 Kb7 31. Be3 Rgd8 32. Ke2 Rb5 33.
Bc5 Rd5 0-1

[Event "*** Titled Tuesday Blitz"]
[Site "Chess.com"]
[Date "2019.09.03"]
[Round "3"]
[White "ElGasanov"]
[Black "WPWPWP-2015"]
[Result "1-0"]
[WhiteElo "2677"]
[BlackElo "2421"]
[TimeControl "180+2"]
[EndTime "15:37:06 PDT"]
[Termination "ElGasanov won by checkmate"]

1. Nf3 Nf6 2. c4 c6 3. g3 d5 4. Bg2 Bg4 5. Qb3 Qb6 6. d3 Nbd7 7. Be3 Qxb3 8. axb3 a6 9. Nc3 e5 10. d4 e4 11. Ne5 Bb4 12. f3 exf3 13. exf3 Be6 14. f4 Nxe5 15. fxe5 Ne4 16. Bxe4 dxe4 17. O-O Bxc3 18. bxc3 O-O-O 19. Rf4 g5 20. Rf6 h6 21. Kf2 Kc7 22. Ke2 Ra8 23. Raf1 a5 24. Rxf7+ Bxf7 25.
Rxf7+ Kc8 26. d5 a4 27. d6 axb3 28. Bb6 b2 29. d7+ Kb8 30. Re7 Rc8 31. Re8 Rxe8 32. dxe8=R# 1-0

[Event "*** Titled Tuesday Blitz"]
[Site "Chess.com"]
[Date "2019.09.03"]
[Round "3"]
[White "DenishevM"]
[Black "Gattass"]
[Result "0-1"]
[WhiteElo "2543"]
[BlackElo "2324"]
[TimeControl "180+2"]
[EndTime "15:37:06 PDT"]
[Termination "Gattass won by resignation"]

1. Nf3 d5 2. d4 c5 3. c4 cxd4 4. Qxd4 Nf6 5. cxd5 Qxd5 6. Nc3 Qxd4 7. Nxd4 a6 8. g3 e5 9. Nc2 Nc6 10. Bg2 Be6 11.
O-O Rc8 12. Bg5 Be7 13. Rfd1 h6 14. Bxf6 Bxf6 15. Ne4 Be7 16. Nd6+ Bxd6 17. Rxd6 Ke7 18.
Rd2 Rhd8 19. Rad1 Rxd2 20. Rxd2 Bxa2 21. e3 Rd8 22. Rxd8 Nxd8 23. Kf1 Kd6 24. Ke2 Bb3 25. Ne1 f5 26. Kd2 b5 27. e4 fxe4 28. Bxe4 Bd5 29. Bf5 Nc6 30. h4 Nd4 31. Bg4 b4 32. Nd3 a5 33.
Ke3 Nc2+ 34. Kd2 Na1 35. Bd1 Nb3+ 36. Ke3 Nc5 37. Nc1 a4 38. f4 exf4+ 39. gxf4 a3 40. bxa3 bxa3 41. f5 Ke5 42. Bc2 a2 43. Nxa2 Bxa2 44.
Kf3 h5 45. Ke3 Nd7 46. Bd1 Nf6 47. Bc2 Bd5 0-1

[Event "*** Titled Tuesday Blitz"]
[Site "Chess.com"]
[Date "2019.09.03"]
[Round "3"]
[White "HrvojeZagreb"]
[Black "NemtsevIgor"]
[Result "1-0"]
[WhiteElo "2079"]
[BlackElo "2316"]
[TimeControl "180+2"]
[EndTime "15:37:07 PDT"]
[Termination "HrvojeZagreb won by resignation"]

1. d4 c6 2. Bf4 d6 3. Nc3 h6 4.
e4 g5 5. Be3 Bg7 6. Qd2 Nd7 7.
f3 Qa5 8. O-O-O b5 9. a3 Rb8 10. h4 gxh4 11. Rxh4 Nb6 12. e5 Nc4 13. Bxc4 bxc4 14. exd6 exd6 15. d5 c5 16. Re1 Kf8 17. Bf4 Bxc3 18. Bxd6+ Kg7 19. Be5+ f6 20. Bxc3 Qb6 21.
Qf4 Bd7 22. Nh3 h5 23. Ng5 Rh6 24. Ne6+ Bxe6 25. Rxe6 Qd8 26. d6 Kf7 27. Re7+ Nxe7 28. dxe7 Qxe7 29. Qxh6 Qe2 30. Qxh5+ Kf8 31. Re4 Qf1+ 32.
Re1 Qxg2 33. Qh8+ Qg8 34. Qxf6+ Qf7 35. Qd6+ Kg8 36. Qxb8+ Kh7 37. Rg1 Qf4+ 38. Qxf4 1-0

[Event "*** Titled Tuesday Blitz"]
[Site "Chess.com"]
[Date "2019.09.03"]
[Round "3"]
[White "Al_Shima"]
[Black "ALEXJR20"]
[Result "0-1"]
[WhiteElo "2477"]
[BlackElo "2219"]
[TimeControl "180+2"]
[EndTime "15:37:08 PDT"]
[Termination "ALEXJR20 won by checkmate"]

1. b3 d5 2. Bb2 e6 3. e3 Nf6 4. f4 c5 5. Nf3 Nc6 6. Bb5 Be7 7. O-O Bd7 8. Bxc6 Bxc6 9. Ne5 Nd7 10. Nxc6 bxc6 11.
Bxg7 Rg8 12. Bb2 Bf6 13. Bxf6 Qxf6 14. Nc3 O-O-O 15. Qh5 Rg7 16. Rae1 Rdg8 17. Rf2 Qe7 18. e4 Nf6 19. Qf3 Ng4 20. Rfe2 Qh4 21. h3 Nf6 22. exd5 cxd5 23. f5 Rg3 24. Qf2 d4 25. Na4 Qxh3 26. fxe6 Ng4 27. exf7 Qh2+ 28. Kf1 Qh1+ 29. Qg1 Nh2+ 30.
Kf2 Rxg2+ 31. Qxg2 Qxg2# 0-1